 Adventure DCSS version bcrawl-1.32 (webtiles) character file.

Game seed: 14240695126982736430

67931 Leeroy the Slasher (level 2, 17/17 HPs)
             Began as a Skeleton Skald on Aug 4, 2021.
             Quit the game on level 2 of the Dungeon.
             The game lasted 00:01:22 (1750 turns).

Leeroy the Slasher (Skeleton Skald)                 Turns: 1750, Time: 00:01:22

Health: 17/17      AC:  3    Str: 17    XL:     2   Next: 65%
Magic:  6/6        EV: 12    Int: 11    God:
Gold:   162        SH:  1    Dex:  9    Spells: 0/7 levels left
                                        Lives:  1   Deaths: 1

rFire    . . .     SeeInvis .   a - +0 long sword
rCold    + . .     Gourm    .   (no shield)
rNeg     + + +     Faith    .   b - +0 leather armour
rPois    ∞         Spirit   +   (no helmet)
rElec    .         Reflect  .   (no cloak)
rCorr    .         Harm     .   (no gloves)
MR       .....                  (no boots)
Stlth    +.........             (no amulet)
HPRegen  0.05/turn              (no ring)
MPRegen  0.10/turn              (no ring)

@: no status effects
A: no food or potions, cold resistance 1, deterioration 1, negative energy
resistance 3, torment resistance, unbreathing, magic shield, sturdy frame 1,
spell healing
a: no special abilities


You were on level 2 of the Dungeon.
You were not hungry.

You visited 1 branch of the dungeon, and saw 2 of its levels.

You collected 162 gold pieces.

Inventory:

Hand Weapons
 a - a +0 long sword (weapon)
Missiles
 j - a throwing net {=f}
Armour
 b - a +0 leather armour (worn)
Jewellery
 g - an uncursed amulet of the acrobat {unknown}
Scrolls
 c - a scroll of enchant weapon {unknown}
 d - a scroll of fear
 e - a scroll of remove curse {unknown}
 f - a scroll of teleportation {unknown}
 h - a scroll of fog {unknown}
 i - 4 scrolls of identify
 k - a scroll of amnesia {unknown}


   Skills:
 - Level 2.0 Fighting
 + Level 5.0 Long Blades
 - Level 1.1 Armour
 - Level 2.0 Dodging
 - Level 3.0 Spellcasting
 - Level 3.2 Charms


You couldn't memorise any spells.
You knew the following spells:

 Your Spells              Type           Power        Failure   Level  Hunger
a - Infusion              Chrm           #.......     7%          1    N/A
b - Song of Slaying       Chrm           #.......     11%         2    N/A
c - Swiftness             Chrm/Air       #.......     22%         2    N/A
d - Spectral Weapon       Hex/Chrm       #.......     38%         3    N/A

Your spell library contained the following spells:

 Spells                   Type           Power        Failure   Level  Hunger
 Ozocubu's Armour         Chrm/Ice       #.......     38%         3    N/A
 Regeneration             Chrm/Necr      Unusable     N/A         3    N/A

Dungeon Overview and Level Annotations

Branches:
Dungeon (2/12)

Altars:
Makhleb
Qazlal
Uskayaw


Innate Abilities, Weirdness & Mutations

You do not eat or drink.
You are immune to poison.
Your flesh is cold resistant. (rC+)
Your body sometimes deteriorates upon taking damage.
You are immune to negative energy. (rN+++)
You are immune to unholy pain and torment.
You can survive without breathing.
When hurt, damage is shared between your health and your magic reserves.
Your movements are slightly less encumbered by armour. (ER -2)
Casting spells heals you.


Message History

The gnoll closely misses you.
You closely miss the gnoll.
The gnoll is moderately wounded.
The gnoll hits you with a +0 flail.
Your body deteriorates!
You feel clumsy.
You barely miss the gnoll.
The gnoll is moderately wounded.
The gnoll hits you with a +0 flail!
You are too injured to fight recklessly!
You are too injured to fight recklessly!
You are too injured to fight recklessly!
You are too injured to fight recklessly!
You barely miss the gnoll.
The gnoll is moderately wounded.
The gnoll hits you with a +0 flail!
You die...
Xom reaches out...
You are now level 2!
You rejoin the land of the living...
Are you sure you want to abandon this character and quit the game? (Confirm with "yes".)

#...............
####......######'###
#..................#
#.......#[.........# #
#.).....#..........#####
#.......#..........#....
..####.......#..........#.###
#.............'.......†.......
#............@##.........#.##.
##..#...#..#.###.........'.##.
#. #...#..#.###.........#.##.
.. .....+..#...####...####.##.
# #.....#.####...##...# #.##.
.......#........##...# #.##.
##.....###......##...# #....
#......##...# #.##.
#......##...# #....


There were no monsters in sight!

Vanquished Creatures
  A gnoll (D:2)
  A dart slug (D:1)
  5 leopard geckos (D:1)
  An orc (D:2)
  A giant cockroach (D:2)
  4 goblins
  3 hobgoblins
  3 jackals (D:1)
  7 kobolds
  2 quokkas (D:2)
  2 bats
  2 frilled lizards
  A rat (D:2)
33 creatures vanquished.

Notes
Turn   | Place    | Note
-------+----------+-------------------------------------------
     0 | D:1      | Leeroy the Skeleton Skald began the quest for the Orb.
     0 | D:1      | Reached XP level 1. HP: 12/12 MP: 4/4
    95 | D:1      | Reached skill level 3 in Long Blades
   104 | D:1      | Reached XP level 2. HP: 5/17 MP: 3/6
   539 | D:1      | Reached skill level 4 in Long Blades
  1118 | D:2      | Found a burning altar of Makhleb.
  1120 | D:2      | Found a hide-covered altar of Uskayaw.
  1214 | D:2      | Reached XP level 3. HP: 21/21 MP: 7/7
  1387 | D:2      | Learned a level 2 spell: Song of Slaying
  1390 | D:2      | Learned a level 2 spell: Swiftness
  1394 | D:2      | Learned a level 3 spell: Spectral Weapon
  1701 | D:2      | Found a stormy altar of Qazlal.
  1743 | D:2      | Reached skill level 5 in Long Blades
  1749 | D:2      | Slain by a gnoll
  1750 | D:2      | Reached XP level 2. HP: -1/17 MP: 0/6
  1750 | D:2      | Quit the game

Skill      XL: |  1  2  3 |
---------------+----------+-----
Long Blades    | 3 4 5 |  5.0
Fighting       | |  2.0
Armour         | |  1.1
Dodging        | |  2.0
Spellcasting   | |  3.0
Charms         | |  3.2

Action                   || total
-------------------------++-------
Melee: Long sword        ||   140
Armor: Leather armour    ||    33
Dodge: Dodged            ||    97
